AoeStats
← BladeStorm

Arena

509704738Analyzed
1v1 RM · 4d ago on Sep 27, 2026· 51m 49s· 2 players
Game mode
Random Map
Map size
Tiny (2 player)
Population
200
Speed
Normal
Resources
Standard
Victory
Conquest
Starting age
Dark Age
Ending age
Imperial Age
RankedLock teamsTeams togetherTeam positionsShared explorationLock speedFull tech treeHidden civsTurbo modeCheats
Victory
Defeat
🇲🇽 Mongols · Mexico
951
+18
🇨🇦 Lithuanians · Canada
992
-18
Althidon
9:33 Feudal Age
11:52 Double-Bit Axe
14:25 Castle Age
14:06 Loom
15:02 Stone Mining
22:51 Husbandry
26:31 Town Watch
27:28 Wheelbarrow
27:36 Wheelbarrow
27:22 Bloodlines
28:12 Fletching
27:56 Elite Skirmisher
29:10 Pikeman
30:30 Squires
30:22 Horse Collar
31:21 Gold Mining
31:51 Town Patrol
33:02 Gold Shaft Mining
33:24 Scale Barding Armor
33:36 Forging
36:38 Imperial Age
34:25 Bow Saw
36:25 Iron Casting
37:38 Conscription
37:20 Nomads
38:09 Hand Cart
37:54 Town Patrol
38:04 Bodkin Arrow
38:50 Chain Barding Armor
38:58 Arson
38:59 Light Cavalry
40:55 Drill
39:58 Capped Ram
40:59 Heavy Plow
41:44 Stone Shaft Mining
42:12 Ballistics
42:53 Chemistry
42:11 Siege Ram
44:43 Blast Furnace
44:31 Masonry
45:11 Siege Engineers
45:32 Thumb Ring
48:27 Parthian Tactics
48:07 Bracer
49:09 Padded Archer Armor
51:23 Cavalier
BladeStorm
10:42 Feudal Age
11:49 Loom
12:26 Loom
12:30 Double-Bit Axe
12:27 Horse Collar
15:50 Castle Age
17:39 Scale Barding Armor
17:39 Husbandry
17:50 Bloodlines
23:16 Fletching
27:33 Imperial Age
25:48 Bodkin Arrow
25:53 Padded Archer Armor
26:19 Ballistics
29:56 Chemistry
29:51 Gold Mining
30:13 Heavy Plow
30:55 Conscription
33:17 Bracer
35:02 Wheelbarrow
34:13 Town Watch
34:50 Bow Saw
34:24 Elite Skirmisher
34:44 Cavalier
37:27 Hand Cart
37:35 Forging
37:46 Chain Barding Armor
39:30 Elite Leitis
40:33 Murder Holes
40:55 Thumb Ring
42:56 Iron Casting
42:56 Plate Barding Armor
44:05 Crop Rotation
44:38 Two-Man Saw
46:49 Paladin
47:36 Tower Shields
48:28 Light Cavalry
Connection lost

Rejoining the realm…

Still unreachable

The connection could not be restored.

Session expired

The server has moved on; the page needs a fresh start.